Little Stars vs Patriotes

Created - 14 décembre 2014 at 08:20

Goals
1 2 3 T
Little Stars 1 2 1 4
Patriotes 0 2 0 2
Shots
1 2 3 T
Little Stars 9 7 10 26
Patriotes 9 13 9 31

1st period

1. Little Stars , Jesse Joensuu 17 (Mathieu Roy, Ryan Vesce) at 17:33 (PP)

Penalties :
Ryan Vesce (Tex) for Holding (Minor) at 9:04, Ryan Wilson (Nyc) for Boarding (Minor) at 17:17

2nd period

2. Little Stars , Marcus Kruger 14 (Mathieu Roy, Ryan Vesce) at 6:02
3. Patriotes , Zenon Konopka 13 (Brett Skinner) at 6:12
4. Little Stars , Marcus Kruger 15 (Cody Bass, Hugh Jessiman) at 12:04
5. Patriotes , Brett Skinner 7 (Joe Charlebois) at 14:39

Penalties :
Cody Bass (Tex) for Hooking (Minor) at 0:37, Cody Bass (Tex) for Hooking (Minor) at 3:31, Mathieu Roy (Tex) for Hooking (Minor) at 6:15, Brett Skinner (Nyc) for Tripping (Minor) at 12:36

3rd period

6. Little Stars , Hugh Jessiman 13 (Cameron Schilling) at 1:19 (PP)

Penalties :
A.J Thelen (Nyc) for Hooking (Minor) at 0:47, Carl Hagelin (Tex) for Interference (Minor) at 5:56, Mathieu Roy (Tex) for Tripping (Minor) at 10:12, A.J Thelen (Nyc) for Holding (Minor) at 17:43, Cody Bass (Tex) for Holding (Minor) at 18:23

Goalie Stats

Erik Ersberg (Tex), 29 saves from 31 shots - (0,935), W, 19-6-3, 60:00 minutes
Joey MacDonald (Nyc), 14 saves from 18 shots - (0,778), L, 14-10-2, 41:19 minutes
Jason Missiaen (Nyc), 8 saves from 8 shots - (1,000), 18:41 minutes

Players Stats for Little Stars

Player Name              G  A  P  +/- PIM S  H  SB GA TA FO     MP     PP MP  PK MP  
------------------------------------------------------------------------------------
Cameron Schilling        0  1  1  -1  0   2  2  0  0  0  0/0    21:32   1:11   5:48 
Carl Hagelin             0  0  0   0  2   3  1  0  1  0  0/1    16:09   1:40   0:13 
Clay Wilson              0  0  0   0  0   3  1  9  1  2  0/0    27:42   2:16   7:31 
Cody Bass                0  1  1   0  6   2  4  1  0  0  5/11   15:38   1:39   0:13 
Corey Trivino            0  0  0  -1  0   0  2  1  0  1  3/6     9:08   0:00   0:14 
Hugh Jessiman            1  1  2   0  0   3  2  1  1  0  3/5    24:35   1:40   6:05 
Jared Spurgeon           0  0  0   1  0   0  0  3  0  1  0/0    16:57   0:56   0:33 
Jesse Joensuu            1  0  1   1  0   2  2  2  0  0  0/1    19:23   1:43   1:43 
Jimmy Hayes              0  0  0  -1  0   0  1  0  0  0  0/0    10:06   0:04   0:14 
Landon Ferraro           0  0  0   0  0   0  1  1  0  0  3/8    12:29   0:00   3:08 
Marcus Kruger            2  0  2   1  0   2  1  1  0  0  14/24  22:40   1:47   4:20 
Mathieu Roy              0  2  2   1  4   2  0  2  0  0  0/0    28:24   2:16   4:43 
Matt Halischuk           0  0  0  -1  0   3  0  1  0  0  0/2    12:12   0:00   3:32 
Matt Pelech              0  0  0   0  0   0  0  1  0  0  0/0     1:42   0:00   0:00 
Raphael Diaz             0  0  0   0  0   0  0  0  0  0  0/0     7:03   0:00   1:36 
Robert Czarnik           0  0  0   0  0   0  0  0  0  0  0/0     0:38   0:00   0:00 
Ryan Ellis               0  0  0  -1  0   1  0  1  0  0  0/0    15:00   0:15   4:06 
Ryan Vesce               0  2  2   1  2   3  0  1  1  1  5/8    25:05   1:47   4:45 

Players Stats for Patriotes

Player Name              G  A  P  +/- PIM S  H  SB GA TA FO     MP     PP MP  PK MP  
------------------------------------------------------------------------------------
A.J Thelen               0  0  0   0  4   5  2  3  0  0  0/0    28:37   7:06   1:28 
Andreas Nodl             0  0  0  -1  0   7  2  0  0  0  0/0    22:05   6:00   2:24 
Andrew Gordon            0  0  0   0  0   4  3  0  0  0  0/7    23:41   6:22   2:09 
Brett Skinner            1  1  2   1  2   3  1  2  1  0  0/0    28:12   6:49   0:19 
Christian Hanson         0  0  0   0  0   1  3  0  0  0  6/9    13:33   0:54   0:06 
Cory Emmerton            0  0  0  -2  0   1  2  0  1  0  15/28  21:05   5:43   0:00 
Fedor Fedorov            0  0  0  -1  0   3  2  0  0  2  1/3    21:28   6:11   0:36 
Joe Charlebois           0  1  1   0  0   2  1  0  0  0  0/0    20:37   5:11   1:56 
Jordan Samuels-Thomas    0  0  0   1  0   0  0  2  0  0  0/0     6:40   0:00   0:18 
Lauri Tukonen            0  0  0   1  0   0  4  0  0  0  0/0     9:52   0:06   0:00 
Liam Reddox              0  0  0   1  0   0  0  0  0  0  1/1     9:14   0:00   0:00 
Patrice Cormier          0  0  0   0  0   0  1  2  0  0  1/1     7:10   0:00   0:45 
Ryan Wilson              0  0  0  -1  2   1  3  0  2  1  0/0    20:38   5:11   2:02 
Sami Vatanen             0  0  0   1  0   0  0  0  0  1  0/0    11:15   0:11   1:09 
T.J Galiardi             0  0  0  -1  0   2  1  0  1  0  1/2    18:39   5:43   0:00 
Timothy Kunes            0  0  0   0  0   0  1  0  0  0  0/0    10:58   0:11   0:00 
Zack Stortini            0  0  0   0  0   0  2  0  0  0  0/0     6:18   0:00   0:00 
Zenon Konopka            1  0  1   1  0   2  2  0  0  0  8/15   15:08   5:17   0:36 

3 Stars

1 - Marcus Kruger (Tex)
2 - Hugh Jessiman (Tex)
3 - Jesse Joensuu (Tex)

Power Play

Little Stars - 2 on 4 Attempt(s) - 50,00%
Patriotes - 0 on 7 Attempt(s) - 0,00%

Penalty Kill

Little Stars - 7 on 7 Attempt(s) - 100,00% - Score 0 goal in Penalty Kill
Patriotes - 2 on 4 Attempt(s) - 50,00% - Score 0 goal in Penalty Kill

Official

Referees : Morton Dean and Peel Tim
Linesman : Lyle Seitz and Mark Pare

Game Notes

Matt Pelech is injured at 8:42 of 1st period (Broken Bone (Right Arm))
Raphael Diaz is injured at 2:37 of 2nd period (Torn Left Knee Ligaments)
Jason Missiaen enters game at 1:19 of 3rd period

Finance

Level 1 -- Attendance: 1597 (79,85%) -- Ticket Income 55 895 $
Level 2 -- Attendance: 701 (70,10%) -- Ticket Income 10 515 $
Total Attendance: 2298 (76,60%)
Total Ticket Income: 66 410 $
Other Income: 3 320 $
Total Income: 69 730 $

Little Stars

5 vs 5 Forward 
   Center                   Left Wing                Right Wing               Time % Phy DF OF 
 1 Marcus Kruger            Jesse Joensuu            Ryan Vesce               40     1   2  2  
 2 Cody Bass                Carl Hagelin             Hugh Jessiman            30     1   2  2  
 3 Corey Trivino            Ryan Vesce               Matt Halischuk           20     1   2  2  
 4 Landon Ferraro           Hugh Jessiman            Jimmy Hayes              10     1   2  2  

5 vs 5 Defense 
   Defense                  Defense                                           Time % Phy DF OF 
 1 Mathieu Roy              Clay Wilson                                       40     1   2  2  
 2 Raphael Diaz             Cameron Schilling                                 30     1   2  2  
 3 Jared Spurgeon           Ryan Ellis                                        20     1   2  2  
 4 Matt Pelech              Mathieu Roy                                       10     1   2  2  

PowerPlay Forward 
   Center                   Left Wing                Right Wing               Time % Phy DF OF 
 1 Marcus Kruger            Jesse Joensuu            Ryan Vesce               60     1   2  2  
 2 Cody Bass                Carl Hagelin             Hugh Jessiman            40     1   2  2  

PowerPlay Defense
   Defense                  Defense                                           Time % Phy DF OF 
 1 Mathieu Roy              Clay Wilson                                       60     1   2  2  
 2 Raphael Diaz             Cameron Schilling                                 40     1   2  2  

Penalty Kill 4 Players Forward 
   Center                   Wing                     Time % Phy DF OF 
 1 Ryan Vesce               Hugh Jessiman            60     1   2  2  
 2 Matt Halischuk           Marcus Kruger            40     1   2  2  

Penalty Kill 4 Players Defense
   Defense                  Defense                  Time % Phy DF OF 
 1 Mathieu Roy              Clay Wilson              60     1   2  2  
 2 Raphael Diaz             Cameron Schilling        40     1   2  2  

Penalty Kill - 3 Players Forward 
   Forward                                           Time % Phy DF OF 
 1 Ryan Vesce                                        60     1   2  2  
 2 Hugh Jessiman                                     40     1   2  2  

Penalty Kill - 3 Players Defense
   Defense                  Defense                  Time % Phy DF OF 
 1 Mathieu Roy              Clay Wilson              60     1   2  2  
 2 Raphael Diaz             Cameron Schilling        40     1   2  2  

4 vs 4 Forward 
   Center                   Wing                     Time % Phy DF OF 
 1 Ryan Vesce               Hugh Jessiman            60     1   2  2  
 2 Matt Halischuk           Marcus Kruger            40     1   2  2  

4 vs 4 Defense
   Defense                  Defense                  Time % Phy DF OF 
 1 Mathieu Roy              Clay Wilson              60     1   2  2  
 2 Raphael Diaz             Cameron Schilling        40     1   2  2  

Last Minutes Offensive
   Center                   Left Wing                Right Wing               Defense                  Defense                  
   Marcus Kruger            Jesse Joensuu            Ryan Vesce               Mathieu Roy              Clay Wilson              

Last Minutes Defensive
   Center                   Left Wing                Right Wing               Defense                  Defense                  
   Marcus Kruger            Jesse Joensuu            Ryan Vesce               Mathieu Roy              Clay Wilson              

Goaltenders
Starting : Erik Ersberg             
Backup : Ben Scrivens             

Extra Forwards
Normal : Jimmy Hayes, Corey Trivino, Landon Ferraro - PP : Jimmy Hayes, Corey Trivino - PK : Landon Ferraro
Extra Defensemen
Normal : Jared Spurgeon, Ryan Ellis, Matt Pelech - PP : Jared Spurgeon - PK : Ryan Ellis, Matt Pelech
Penalty Shots
Ryan Vesce, Hugh Jessiman, Matt Halischuk, Marcus Kruger, Jesse Joensuu

Patriotes

5 vs 5 Forward 
   Center                   Left Wing                Right Wing               Time % Phy DF OF 
 1 Cory Emmerton            Fedor Fedorov            Andrew Gordon            40     1   2  2  
 2 Christian Hanson         T.J Galiardi             Andreas Nodl             30     1   2  2  
 3 Zenon Konopka            Liam Reddox              Lauri Tukonen            20     1   2  2  
 4 Patrice Cormier          Jordan Samuels-Thomas    Zack Stortini            10     1   2  2  

5 vs 5 Defense 
   Defense                  Defense                                           Time % Phy DF OF 
 1 A.J Thelen               Brett Skinner                                     40     1   2  2  
 2 Ryan Wilson              Joe Charlebois                                    30     1   2  2  
 3 Timothy Kunes            Sami Vatanen                                      20     1   2  2  
 4 A.J Thelen               Brett Skinner                                     10     1   2  2  

PowerPlay Forward 
   Center                   Left Wing                Right Wing               Time % Phy DF OF 
 1 Zenon Konopka            Fedor Fedorov            Andrew Gordon            60     1   2  2  
 2 Cory Emmerton            T.J Galiardi             Andreas Nodl             40     1   2  2  

PowerPlay Defense
   Defense                  Defense                                           Time % Phy DF OF 
 1 A.J Thelen               Brett Skinner                                     60     1   2  2  
 2 Ryan Wilson              Joe Charlebois                                    40     1   2  2  

Penalty Kill 4 Players Forward 
   Center                   Wing                     Time % Phy DF OF 
 1 Andrew Gordon            Andreas Nodl             60     1   2  2  
 2 Fedor Fedorov            Zenon Konopka            40     1   2  2  

Penalty Kill 4 Players Defense
   Defense                  Defense                  Time % Phy DF OF 
 1 A.J Thelen               Brett Skinner            60     1   2  2  
 2 Ryan Wilson              Joe Charlebois           40     1   2  2  

Penalty Kill - 3 Players Forward 
   Forward                                           Time % Phy DF OF 
 1 Andrew Gordon                                     60     1   2  2  
 2 Andreas Nodl                                      40     1   2  2  

Penalty Kill - 3 Players Defense
   Defense                  Defense                  Time % Phy DF OF 
 1 A.J Thelen               Brett Skinner            60     1   2  2  
 2 Ryan Wilson              Joe Charlebois           40     1   2  2  

4 vs 4 Forward 
   Center                   Wing                     Time % Phy DF OF 
 1 Andrew Gordon            Andreas Nodl             60     1   2  2  
 2 Fedor Fedorov            Zenon Konopka            40     1   2  2  

4 vs 4 Defense
   Defense                  Defense                  Time % Phy DF OF 
 1 A.J Thelen               Brett Skinner            60     1   2  2  
 2 Ryan Wilson              Joe Charlebois           40     1   2  2  

Last Minutes Offensive
   Center                   Left Wing                Right Wing               Defense                  Defense                  
   Zenon Konopka            Fedor Fedorov            Andrew Gordon            A.J Thelen               Brett Skinner            

Last Minutes Defensive
   Center                   Left Wing                Right Wing               Defense                  Defense                  
   Zenon Konopka            Fedor Fedorov            Andrew Gordon            A.J Thelen               Brett Skinner            

Goaltenders
Starting : Joey MacDonald           
Backup : Jason Missiaen           

Extra Forwards
Normal : Christian Hanson, Lauri Tukonen, Patrice Cormier - PP : Christian Hanson, Lauri Tukonen - PK : Patrice Cormier
Extra Defensemen
Normal : Timothy Kunes, Sami Vatanen, Ryan Wilson - PP : Timothy Kunes - PK : Sami Vatanen, Ryan Wilson
Penalty Shots
Andrew Gordon, Andreas Nodl, Fedor Fedorov, Zenon Konopka, Cory Emmerton

% Time on Ice - Little Stars

Lines # - Real PCT - Wanted PCT - Time Play
Normal Forward
1 - 36% - 40% - 15:19
2 - 36% - 30% - 15:19
3 - 16% - 20% - 6:45
4 - 13% - 10% - 5:40
Normal Defense
1 - 33% - 40% - 14:07
2 - 36% - 30% - 15:20
3 - 18% - 20% - 7:41
4 - 14% - 10% - 5:55
PP Forward
1 - 52% - 60% - 1:47
2 - 48% - 40% - 1:40
PP Defense
1 - 66% - 60% - 2:16
2 - 34% - 40% - 1:11
PK Forward
1 - 71% - 60% - 8:39
2 - 29% - 40% - 3:32
PK Defense
1 - 51% - 60% - 6:11
2 - 49% - 40% - 6:00
PK3 Forward
1 - 0% - 60%
2 - 0% - 40%
PK3 Defense
1 - 0% - 60%
2 - 0% - 40%
44 Forward
1 - 76% - 60% - 1:00
2 - 24% - 40% - 0:19
44 Defense
1 - 61% - 60% - 0:48
2 - 39% - 40% - 0:31
Last Minute Offensive  - 0:00
Last Minute Defensive  - 0:00
Total
Forward - 60:00
Defense - 60:00

% Time on Ice - Patriotes

Lines # - Real PCT - Wanted PCT - Time Play
Normal Forward
1 - 34% - 40% - 14:28
2 - 30% - 30% - 13:03
3 - 21% - 20% - 9:14
4 - 15% - 10% - 6:18
Normal Defense
1 - 40% - 40% - 17:12
2 - 30% - 30% - 13:03
3 - 23% - 20% - 9:51
4 - 7% - 10% - 2:57
PP Forward
1 - 53% - 60% - 6:28
2 - 47% - 40% - 5:43
PP Defense
1 - 56% - 60% - 6:49
2 - 44% - 40% - 5:22
PK Forward
1 - 83% - 60% - 2:51
2 - 17% - 40% - 0:36
PK Defense
1 - 57% - 60% - 1:59
2 - 43% - 40% - 1:28
PK3 Forward
1 - 0% - 60%
2 - 0% - 40%
PK3 Defense
1 - 0% - 60%
2 - 0% - 40%
44 Forward
1 - 78% - 60% - 1:02
2 - 22% - 40% - 0:17
44 Defense
1 - 71% - 60% - 0:56
2 - 29% - 40% - 0:23
Last Minute Offensive  - 0:00
Last Minute Defensive  - 0:00
Total
Forward - 60:00
Defense - 60:00

Play by Play

1st period


0:01 of 1st period - Marcus Kruger wins face-off versus Cory Emmerton in neutral zone.
0:25 of 1st period - Clay Wilson is hit by Christian Hanson and loses puck.
0:32 of 1st period - Wrist shot by Andreas Nodl.
0:32 of 1st period - Deflect By Clay Wilson.
0:32 of 1st period - Shot Hit the Post.
0:32 of 1st period - Puck is out of play.
0:33 of 1st period - Corey Trivino wins face-off versus Zenon Konopka in Little Stars zone.
0:42 of 1st period - Snap shot by Matt Halischuk.
0:42 of 1st period - Stopped by Joey MacDonald without a rebound.
0:43 of 1st period - Corey Trivino wins face-off versus Zenon Konopka in Patriotes zone.
0:44 of 1st period - Snap shot by Ryan Vesce.
0:44 of 1st period - Deflect By Corey Trivino.
0:44 of 1st period - Shot Misses the Net.
0:44 of 1st period - Puck is out of play.
0:45 of 1st period - Patrice Cormier wins face-off versus Landon Ferraro in Patriotes zone.
0:58 of 1st period - Timothy Kunes is hit by Hugh Jessiman.
1:10 of 1st period - Timothy Kunes is hit by Jesse Joensuu and loses puck.
1:35 of 1st period - T.J Galiardi is hit by Carl Hagelin and loses puck.
1:54 of 1st period - Joe Charlebois is hit by Corey Trivino and loses puck.
3:13 of 1st period - Wrist shot by Ryan Vesce.
3:13 of 1st period - Stopped by Joey MacDonald with a rebound.
3:27 of 1st period - Cameron Schilling is hit by Lauri Tukonen and loses puck.
3:52 of 1st period - Marcus Kruger is hit by A.J Thelen and loses puck.
4:41 of 1st period - Wrist shot by Zenon Konopka.
4:41 of 1st period - Deflect By Lauri Tukonen.
4:41 of 1st period - Shot Misses the Net.
4:41 of 1st period - Puck is out of play.
4:42 of 1st period - Zenon Konopka wins face-off versus Landon Ferraro in Little Stars zone.
5:05 of 1st period - Ryan Vesce is hit by Fedor Fedorov and loses puck.
5:22 of 1st period - Cody Bass is hit by Timothy Kunes and loses puck.
5:56 of 1st period - Snap shot by Lauri Tukonen.
5:56 of 1st period - Shot Misses the Net.
5:58 of 1st period - Slapshot by Timothy Kunes.
5:58 of 1st period - Shot Blocked by Marcus Kruger.
6:28 of 1st period - Matt Halischuk is hit by Ryan Wilson.
6:43 of 1st period - Slapshot by Ryan Wilson.
6:43 of 1st period - Shot Blocked by Clay Wilson.
6:45 of 1st period - Wrist shot by Ryan Wilson.
6:45 of 1st period - Shot Blocked by Hugh Jessiman.
6:47 of 1st period - Slapshot by Ryan Wilson.
6:47 of 1st period - Stopped by Erik Ersberg with a rebound.
6:49 of 1st period - Snap shot by Ryan Wilson.
6:49 of 1st period - Shot Blocked by Clay Wilson.
7:11 of 1st period - Brett Skinner is hit by Corey Trivino and loses puck.
8:32 of 1st period - Icing by Mathieu Roy.
8:33 of 1st period - Landon Ferraro wins face-off versus Cory Emmerton in Little Stars zone.
8:42 of 1st period - Backhand shot by Andrew Gordon.
8:42 of 1st period - Shot Blocked by Matt Pelech.
8:42 of 1st period - Matt Pelech from Little Stars is injured at 8:42 of 1st period (Broken Bone (Right Arm)).
8:43 of 1st period - Cory Emmerton wins face-off versus Marcus Kruger in Little Stars zone.
9:04 of 1st period - Minor Penalty to Ryan Vesce for Holding.
9:05 of 1st period - Zenon Konopka wins face-off versus Landon Ferraro in Little Stars zone.
9:10 of 1st period - Slapshot by Zenon Konopka.
9:10 of 1st period - Shot Misses the Net.
9:40 of 1st period - Wrist shot by Cory Emmerton.
9:40 of 1st period - Shot Misses the Net.
10:51 of 1st period - Mathieu Roy is hit by Cory Emmerton and loses puck.
11:04 of 1st period - Penalty to Ryan Vesce is over, Ryan Vesce is back on ice.
11:10 of 1st period - Wrist shot by Cody Bass.
11:10 of 1st period - Shot Misses the Net.
11:18 of 1st period - Snap shot by T.J Galiardi.
11:18 of 1st period - Shot Blocked by Mathieu Roy.
11:20 of 1st period - Slapshot by Brett Skinner.
11:20 of 1st period - Shot Misses the Net.
11:22 of 1st period - Slapshot by Brett Skinner.
11:22 of 1st period - Shot Blocked by Ryan Vesce.
11:26 of 1st period - Wrist shot by Andreas Nodl.
11:26 of 1st period - Shot Misses the Net.
11:28 of 1st period - Slapshot by Brett Skinner.
11:28 of 1st period - Stopped by Erik Ersberg with a rebound.
11:36 of 1st period - Wrist shot by Cory Emmerton.
11:36 of 1st period - Shot Blocked by Clay Wilson.
11:38 of 1st period - Wrist shot by Brett Skinner.
11:38 of 1st period - Deflect By T.J Galiardi.
11:38 of 1st period - Stopped by Erik Ersberg with a rebound.
11:40 of 1st period - Snap shot by Cory Emmerton.
11:40 of 1st period - Shot Misses the Net.
11:42 of 1st period - Backhand shot by Andreas Nodl.
11:42 of 1st period - Shot Blocked by Mathieu Roy.
11:44 of 1st period - Slapshot by Andreas Nodl.
11:44 of 1st period - Stopped by Erik Ersberg without a rebound.
11:45 of 1st period - Landon Ferraro wins face-off versus Zenon Konopka in Little Stars zone.
12:54 of 1st period - Snap shot by Fedor Fedorov.
12:54 of 1st period - Shot Misses the Net.
12:56 of 1st period - Slapshot by Fedor Fedorov.
12:56 of 1st period - Stopped by Erik Ersberg without a rebound.
12:57 of 1st period - Zenon Konopka wins face-off versus Cody Bass in Little Stars zone.
13:29 of 1st period - Jesse Joensuu is hit by Zack Stortini and loses puck.
13:58 of 1st period - Slapshot by Mathieu Roy.
13:58 of 1st period - Stopped by Joey MacDonald without a rebound.
13:59 of 1st period - Hugh Jessiman wins face-off versus Zenon Konopka in Patriotes zone.
14:06 of 1st period - Wrist shot by Lauri Tukonen.
14:06 of 1st period - Deflect By Zenon Konopka.
14:06 of 1st period - Stopped by Erik Ersberg without a rebound.
14:07 of 1st period - Christian Hanson wins face-off versus Marcus Kruger in Little Stars zone.
14:08 of 1st period - Snap shot by Andreas Nodl.
14:08 of 1st period - Stopped by Erik Ersberg without a rebound.
14:09 of 1st period - Marcus Kruger wins face-off versus Christian Hanson in Little Stars zone.
14:09 of 1st period - Marcus Kruger is hit by A.J Thelen.
14:32 of 1st period - Icing by A.J Thelen.
14:33 of 1st period - Cory Emmerton wins face-off versus Cody Bass in Patriotes zone.
14:33 of 1st period - Cory Emmerton is hit by Cody Bass.
14:53 of 1st period - Andrew Gordon is hit by Cody Bass and loses puck.
15:02 of 1st period - Wrist shot by Carl Hagelin.
15:02 of 1st period - Shot Misses the Net.
15:04 of 1st period - Slapshot by Clay Wilson.
15:04 of 1st period - Stopped by Joey MacDonald with a rebound.
15:06 of 1st period - Snap shot by Carl Hagelin.
15:06 of 1st period - Stopped by Joey MacDonald without a rebound.
15:07 of 1st period - Marcus Kruger wins face-off versus Christian Hanson in Patriotes zone.
15:35 of 1st period - Off-side.
15:36 of 1st period - Liam Reddox wins face-off versus Landon Ferraro in neutral zone.
16:10 of 1st period - Slapshot by Ryan Vesce.
16:10 of 1st period - Shot Misses the Net.
16:12 of 1st period - Snap shot by Jesse Joensuu.
16:12 of 1st period - Stopped by Joey MacDonald with a rebound.
16:22 of 1st period - Snap shot by Hugh Jessiman.
16:22 of 1st period - Shot Misses the Net.
16:24 of 1st period - Snap shot by Hugh Jessiman.
16:24 of 1st period - Stopped by Joey MacDonald without a rebound.
16:25 of 1st period - Christian Hanson wins face-off versus Hugh Jessiman in Patriotes zone.
17:17 of 1st period - Minor Penalty to Ryan Wilson for Boarding.
17:18 of 1st period - Marcus Kruger wins face-off versus Andrew Gordon in Patriotes zone.
17:23 of 1st period - Snap shot by Ryan Vesce.
17:23 of 1st period - Shot Blocked by A.J Thelen.
17:25 of 1st period - Slapshot by Marcus Kruger.
17:25 of 1st period - Deflect By Ryan Vesce.
17:25 of 1st period - Shot Misses the Net.
17:25 of 1st period - Puck is out of play.
17:26 of 1st period - Marcus Kruger wins face-off versus Andrew Gordon in Patriotes zone.
17:27 of 1st period - Snap shot by Ryan Vesce.
17:27 of 1st period - Shot Misses the Net.
17:29 of 1st period - Slapshot by Mathieu Roy.
17:29 of 1st period - Shot Blocked by A.J Thelen.
17:31 of 1st period - Slapshot by Mathieu Roy.
17:31 of 1st period - Shot Blocked by Brett Skinner.
17:33 of 1st period - Wrist shot by Jesse Joensuu.
17:33 of 1st period - Goal by Jesse Joensuu - Little Stars : 1 - Patriotes : 0.
17:34 of 1st period - Cody Bass wins face-off versus Cory Emmerton in neutral zone.
17:39 of 1st period - Slapshot by Mathieu Roy.
17:39 of 1st period - Stopped by Joey MacDonald with a rebound.
17:50 of 1st period - Off-side.
17:51 of 1st period - Christian Hanson wins face-off versus Marcus Kruger in neutral zone.
18:22 of 1st period - Icing by Ryan Wilson.
18:23 of 1st period - Cody Bass wins face-off versus Cory Emmerton in Patriotes zone.
18:58 of 1st period - Snap shot by Andreas Nodl.
18:58 of 1st period - Stopped by Erik Ersberg with a rebound.
19:24 of 1st period - Snap shot by Brett Skinner.
19:24 of 1st period - Deflect By Clay Wilson.
19:24 of 1st period - Stopped by Erik Ersberg with a rebound.
19:26 of 1st period - Slapshot by Patrice Cormier.
19:26 of 1st period - Shot Misses the Net.
19:28 of 1st period - Backhand shot by Jordan Samuels-Thomas.
19:28 of 1st period - Shot Blocked by Corey Trivino.
19:55 of 1st period - Mathieu Roy is hit by Brett Skinner and loses puck.
Goals for this period are 1 for Little Stars vs 0 for Patriotes.
Shots for this period are 9 for Little Stars vs 9 for Patriotes.

2nd period


0:01 of 2nd period - Marcus Kruger wins face-off versus Cory Emmerton in neutral zone.
0:37 of 2nd period - Minor Penalty to Cody Bass for Hooking.
0:38 of 2nd period - Ryan Vesce wins face-off versus Zenon Konopka in Little Stars zone.
1:50 of 2nd period - Snap shot by Matt Halischuk.
1:50 of 2nd period - Stopped by Joey MacDonald with a rebound.
2:36 of 2nd period - Raphael Diaz is hit by Ryan Wilson and loses puck.
2:37 of 2nd period - Penalty to Cody Bass is over, Cody Bass is back on ice.
2:37 of 2nd period - Raphael Diaz from Little Stars is injured at 2:37 of 2nd period (Torn Left Knee Ligaments).
2:38 of 2nd period - Marcus Kruger wins face-off versus Cory Emmerton in Little Stars zone.
2:38 of 2nd period - Marcus Kruger is hit by Andrew Gordon.
2:46 of 2nd period - Snap shot by Mathieu Roy.
2:46 of 2nd period - Shot Blocked by Brett Skinner.
2:48 of 2nd period - Slapshot by Cameron Schilling.
2:48 of 2nd period - Stopped by Joey MacDonald without a rebound.
2:49 of 2nd period - Cory Emmerton wins face-off versus Marcus Kruger in Patriotes zone.
2:58 of 2nd period - Fedor Fedorov is hit by Jesse Joensuu and loses puck.
3:15 of 2nd period - Cameron Schilling is hit by T.J Galiardi.
3:31 of 2nd period - Minor Penalty to Cody Bass for Hooking.
3:32 of 2nd period - Hugh Jessiman wins face-off versus Fedor Fedorov in Little Stars zone.
3:32 of 2nd period - Hugh Jessiman is hit by Zenon Konopka.
5:31 of 2nd period - Penalty to Cody Bass is over, Cody Bass is back on ice.
5:41 of 2nd period - T.J Galiardi is hit by Cody Bass and loses puck.
5:48 of 2nd period - Sami Vatanen is hit by Cameron Schilling and loses puck.
5:58 of 2nd period - Icing by Ryan Wilson.
5:59 of 2nd period - Marcus Kruger wins face-off versus Cory Emmerton in Patriotes zone.
6:02 of 2nd period - Slapshot by Mathieu Roy.
6:02 of 2nd period - Deflect By Marcus Kruger.
6:02 of 2nd period - Goal by Marcus Kruger - Little Stars : 2 - Patriotes : 0.
6:03 of 2nd period - Zenon Konopka wins face-off versus Marcus Kruger in neutral zone.
6:08 of 2nd period - Snap shot by Brett Skinner.
6:08 of 2nd period - Shot Hit the Post.
6:10 of 2nd period - Snap shot by Zenon Konopka.
6:10 of 2nd period - Shot Misses the Net.
6:12 of 2nd period - Slapshot by Brett Skinner.
6:12 of 2nd period - Deflect By Zenon Konopka.
6:12 of 2nd period - Goal by Zenon Konopka - Little Stars : 2 - Patriotes : 1.
6:13 of 2nd period - Marcus Kruger wins face-off versus Cory Emmerton in neutral zone.
6:15 of 2nd period - Minor Penalty to Mathieu Roy for Hooking.
6:16 of 2nd period - Zenon Konopka wins face-off versus Ryan Vesce in Little Stars zone.
6:18 of 2nd period - Snap shot by Fedor Fedorov.
6:18 of 2nd period - Stopped by Erik Ersberg without a rebound.
6:19 of 2nd period - Zenon Konopka wins face-off versus Ryan Vesce in Little Stars zone.
6:24 of 2nd period - Slapshot by Fedor Fedorov.
6:24 of 2nd period - Stopped by Erik Ersberg with a rebound.
6:26 of 2nd period - Snap shot by Andrew Gordon.
6:26 of 2nd period - Shot Misses the Net.
6:28 of 2nd period - Slapshot by Brett Skinner.
6:28 of 2nd period - Shot Misses the Net.
6:30 of 2nd period - Wrist shot by Zenon Konopka.
6:30 of 2nd period - Shot Misses the Net.
6:32 of 2nd period - Slapshot by Brett Skinner.
6:32 of 2nd period - Shot Blocked by Clay Wilson.
6:34 of 2nd period - Snap shot by A.J Thelen.
6:34 of 2nd period - Stopped by Erik Ersberg with a rebound.
6:54 of 2nd period - Wrist shot by Andreas Nodl.
6:54 of 2nd period - Shot Hit the Post.
7:27 of 2nd period - Icing by Ryan Wilson.
7:28 of 2nd period - Cory Emmerton wins face-off versus Matt Halischuk in Patriotes zone.
8:15 of 2nd period - Penalty to Mathieu Roy is over, Mathieu Roy is back on ice.
9:26 of 2nd period - Icing by Cory Emmerton.
9:27 of 2nd period - Cory Emmerton wins face-off versus Matt Halischuk in Patriotes zone.
10:30 of 2nd period - Wrist shot by Andreas Nodl.
10:30 of 2nd period - Shot Blocked by Clay Wilson.
10:32 of 2nd period - Snap shot by T.J Galiardi.
10:32 of 2nd period - Shot Blocked by Matt Halischuk.
10:34 of 2nd period - Slapshot by Joe Charlebois.
10:34 of 2nd period - Deflect By T.J Galiardi.
10:34 of 2nd period - Shot Misses the Net.
10:34 of 2nd period - Puck is out of play.
10:35 of 2nd period - Cory Emmerton wins face-off versus Cody Bass in Little Stars zone.
10:40 of 2nd period - Snap shot by Fedor Fedorov.
10:40 of 2nd period - Shot Misses the Net.
11:22 of 2nd period - Slapshot by Mathieu Roy.
11:22 of 2nd period - Shot Misses the Net.
11:34 of 2nd period - Snap shot by Andrew Gordon.
11:34 of 2nd period - Stopped by Erik Ersberg without a rebound.
11:35 of 2nd period - Corey Trivino wins face-off versus Fedor Fedorov in Little Stars zone.
11:58 of 2nd period - Icing by Fedor Fedorov.
11:59 of 2nd period - Hugh Jessiman wins face-off versus Cory Emmerton in Patriotes zone.
12:00 of 2nd period - Wrist shot by Cody Bass.
12:00 of 2nd period - Shot Misses the Net.
12:02 of 2nd period - Snap shot by Marcus Kruger.
12:02 of 2nd period - Shot Misses the Net.
12:04 of 2nd period - Snap shot by Marcus Kruger.
12:04 of 2nd period - Goal by Marcus Kruger - Little Stars : 3 - Patriotes : 1.
12:05 of 2nd period - Cory Emmerton wins face-off versus Marcus Kruger in neutral zone.
12:11 of 2nd period - Wrist shot by Brett Skinner.
12:11 of 2nd period - Shot Blocked by Jesse Joensuu.
12:13 of 2nd period - Slapshot by A.J Thelen.
12:13 of 2nd period - Shot Blocked by Jesse Joensuu.
12:15 of 2nd period - Slapshot by Brett Skinner.
12:15 of 2nd period - Shot Misses the Net.
12:17 of 2nd period - Slapshot by Brett Skinner.
12:17 of 2nd period - Shot Misses the Net.
12:19 of 2nd period - Slapshot by Brett Skinner.
12:19 of 2nd period - Deflect By Andrew Gordon.
12:19 of 2nd period - Shot Misses the Net.
12:19 of 2nd period - Puck is out of play.
12:20 of 2nd period - T.J Galiardi wins face-off versus Cody Bass in Little Stars zone.
12:29 of 2nd period - Wrist shot by Christian Hanson.
12:29 of 2nd period - Shot Blocked by Cody Bass.
12:31 of 2nd period - Snap shot by T.J Galiardi.
12:31 of 2nd period - Stopped by Erik Ersberg with a rebound.
12:36 of 2nd period - Minor Penalty to Brett Skinner for Tripping.
12:37 of 2nd period - Marcus Kruger wins face-off versus Andrew Gordon in Patriotes zone.
14:36 of 2nd period - Penalty to Brett Skinner is over, Brett Skinner is back on ice.
14:39 of 2nd period - Snap shot by Brett Skinner.
14:39 of 2nd period - Goal by Brett Skinner - Little Stars : 3 - Patriotes : 2.
14:40 of 2nd period - Cory Emmerton wins face-off versus Corey Trivino in neutral zone.
14:45 of 2nd period - Backhand shot by Ryan Wilson.
14:45 of 2nd period - Shot Misses the Net.
14:47 of 2nd period - Wrist shot by Andrew Gordon.
14:47 of 2nd period - Shot Blocked by Clay Wilson.
14:49 of 2nd period - Slapshot by Joe Charlebois.
14:49 of 2nd period - Stopped by Erik Ersberg without a rebound.
14:50 of 2nd period - Cory Emmerton wins face-off versus Corey Trivino in Little Stars zone.
15:13 of 2nd period - Slapshot by Ryan Wilson.
15:13 of 2nd period - Shot Misses the Net.
15:19 of 2nd period - Wrist shot by Cory Emmerton.
15:19 of 2nd period - Shot Blocked by Clay Wilson.
15:21 of 2nd period - Wrist shot by Andrew Gordon.
15:21 of 2nd period - Stopped by Erik Ersberg with a rebound.
15:23 of 2nd period - Slapshot by Joe Charlebois.
15:23 of 2nd period - Stopped by Erik Ersberg with a rebound.
15:25 of 2nd period - Snap shot by Ryan Wilson.
15:25 of 2nd period - Deflect By Andrew Gordon.
15:25 of 2nd period - Shot Blocked by Clay Wilson.
15:25 of 2nd period - Puck is out of play.
15:26 of 2nd period - Cody Bass wins face-off versus Christian Hanson in Little Stars zone.
15:26 of 2nd period - Cody Bass is hit by Andreas Nodl.
15:36 of 2nd period - Snap shot by Brett Skinner.
15:36 of 2nd period - Deflect By Andreas Nodl.
15:36 of 2nd period - Stopped by Erik Ersberg with a rebound.
15:40 of 2nd period - Snap shot by Andreas Nodl.
15:40 of 2nd period - Stopped by Erik Ersberg without a rebound.
15:41 of 2nd period - Zenon Konopka wins face-off versus Jesse Joensuu in Little Stars zone.
15:42 of 2nd period - Snap shot by A.J Thelen.
15:42 of 2nd period - Shot Blocked by Clay Wilson.
16:12 of 2nd period - Snap shot by Hugh Jessiman.
16:12 of 2nd period - Shot Misses the Net.
16:39 of 2nd period - Slapshot by Cody Bass.
16:39 of 2nd period - Stopped by Joey MacDonald with a rebound.
16:41 of 2nd period - Slapshot by Ryan Ellis.
16:41 of 2nd period - Stopped by Joey MacDonald with a rebound.
16:43 of 2nd period - Slapshot by Jared Spurgeon.
16:43 of 2nd period - Shot Blocked by Patrice Cormier.
17:43 of 2nd period - Slapshot by Clay Wilson.
17:43 of 2nd period - Deflect By Ryan Wilson.
17:43 of 2nd period - Stopped by Joey MacDonald with a rebound.
17:45 of 2nd period - Wrist shot by Corey Trivino.
17:45 of 2nd period - Shot Misses the Net.
17:47 of 2nd period - Wrist shot by Matt Halischuk.
17:47 of 2nd period - Shot Blocked by Jordan Samuels-Thomas.
18:23 of 2nd period - Snap shot by Christian Hanson.
18:23 of 2nd period - Stopped by Erik Ersberg without a rebound.
18:24 of 2nd period - Christian Hanson wins face-off versus Marcus Kruger in Little Stars zone.
18:47 of 2nd period - Andreas Nodl is hit by Marcus Kruger and loses puck.
19:04 of 2nd period - Snap shot by Jesse Joensuu.
19:04 of 2nd period - Shot Misses the Net.
19:40 of 2nd period - Ryan Ellis is hit by Joe Charlebois and loses puck.
19:49 of 2nd period - Jared Spurgeon is hit by Christian Hanson and loses puck.
Goals for this period are 2 for Little Stars vs 2 for Patriotes.
Shots for this period are 7 for Little Stars vs 13 for Patriotes.

3rd period


0:01 of 3rd period - Fedor Fedorov wins face-off versus Marcus Kruger in neutral zone.
0:04 of 3rd period - Backhand shot by A.J Thelen.
0:04 of 3rd period - Stopped by Erik Ersberg without a rebound.
0:05 of 3rd period - Ryan Vesce wins face-off versus Cory Emmerton in Little Stars zone.
0:47 of 3rd period - Minor Penalty to A.J Thelen for Hooking.
0:48 of 3rd period - Marcus Kruger wins face-off versus Andrew Gordon in Patriotes zone.
1:17 of 3rd period - Slapshot by Cameron Schilling.
1:17 of 3rd period - Stopped by Joey MacDonald with a rebound.
1:19 of 3rd period - Wrist shot by Hugh Jessiman.
1:19 of 3rd period - Goal by Hugh Jessiman - Little Stars : 4 - Patriotes : 2.
1:19 of 3rd period - Jason Missiaen enters game.
1:20 of 3rd period - Cory Emmerton wins face-off versus Marcus Kruger in neutral zone.
1:33 of 3rd period - Wrist shot by Clay Wilson.
1:33 of 3rd period - Stopped by Jason Missiaen with a rebound.
1:45 of 3rd period - A.J Thelen is hit by Cody Bass and loses puck.
1:54 of 3rd period - Wrist shot by Carl Hagelin.
1:54 of 3rd period - Shot Blocked by A.J Thelen.
1:56 of 3rd period - Snap shot by Hugh Jessiman.
1:56 of 3rd period - Stopped by Jason Missiaen without a rebound.
1:57 of 3rd period - Cory Emmerton wins face-off versus Marcus Kruger in Patriotes zone.
2:20 of 3rd period - Icing by Ryan Vesce.
2:21 of 3rd period - Christian Hanson wins face-off versus Cody Bass in Little Stars zone.
2:28 of 3rd period - Snap shot by Andreas Nodl.
2:28 of 3rd period - Shot Misses the Net.
3:05 of 3rd period - Icing by Marcus Kruger.
3:06 of 3rd period - Zenon Konopka wins face-off versus Landon Ferraro in Little Stars zone.
3:12 of 3rd period - Off-side.
3:13 of 3rd period - Cory Emmerton wins face-off versus Hugh Jessiman in neutral zone.
3:18 of 3rd period - Snap shot by Cory Emmerton.
3:18 of 3rd period - Deflect By Mathieu Roy.
3:18 of 3rd period - Shot Blocked by Landon Ferraro.
3:18 of 3rd period - Puck is out of play.
3:19 of 3rd period - Marcus Kruger wins face-off versus Andrew Gordon in Little Stars zone.
3:19 of 3rd period - Marcus Kruger is hit by Fedor Fedorov.
3:35 of 3rd period - Wrist shot by Jesse Joensuu.
3:35 of 3rd period - Shot Misses the Net.
3:48 of 3rd period - Backhand shot by Cody Bass.
3:48 of 3rd period - Stopped by Jason Missiaen without a rebound.
3:49 of 3rd period - Cody Bass wins face-off versus T.J Galiardi in Patriotes zone.
3:58 of 3rd period - Snap shot by Andreas Nodl.
3:58 of 3rd period - Stopped by Erik Ersberg with a rebound.
4:00 of 3rd period - Snap shot by A.J Thelen.
4:00 of 3rd period - Stopped by Erik Ersberg with a rebound.
4:02 of 3rd period - Slapshot by A.J Thelen.
4:02 of 3rd period - Shot Blocked by Jared Spurgeon.
4:04 of 3rd period - Snap shot by A.J Thelen.
4:04 of 3rd period - Stopped by Erik Ersberg without a rebound.
4:05 of 3rd period - Marcus Kruger wins face-off versus Cory Emmerton in Little Stars zone.
5:07 of 3rd period - Liam Reddox is hit by Hugh Jessiman and loses puck.
5:24 of 3rd period - Jesse Joensuu is hit by Lauri Tukonen and loses puck.
5:41 of 3rd period - Wrist shot by Zenon Konopka.
5:41 of 3rd period - Shot Blocked by Jared Spurgeon.
5:43 of 3rd period - Slapshot by A.J Thelen.
5:43 of 3rd period - Stopped by Erik Ersberg with a rebound.
5:53 of 3rd period - Wrist shot by Zenon Konopka.
5:53 of 3rd period - Deflect By Marcus Kruger.
5:53 of 3rd period - Shot Misses the Net.
5:53 of 3rd period - Puck is out of play.
5:54 of 3rd period - Cody Bass wins face-off versus Cory Emmerton in Little Stars zone.
5:56 of 3rd period - Minor Penalty to Carl Hagelin for Interference.
5:57 of 3rd period - Cory Emmerton wins face-off versus Ryan Vesce in Little Stars zone.
6:31 of 3rd period - Slapshot by Fedor Fedorov.
6:31 of 3rd period - Deflect By Andrew Gordon.
6:31 of 3rd period - Stopped by Erik Ersberg with a rebound.
6:41 of 3rd period - Snap shot by Hugh Jessiman.
6:41 of 3rd period - Shot Misses the Net.
6:43 of 3rd period - Slapshot by Ryan Ellis.
6:43 of 3rd period - Shot Misses the Net.
7:19 of 3rd period - Ryan Wilson is hit by Clay Wilson and loses puck.
7:32 of 3rd period - Joe Charlebois is hit by Cameron Schilling.
7:42 of 3rd period - Cory Emmerton is hit by Landon Ferraro and loses puck.
7:56 of 3rd period - Penalty to Carl Hagelin is over, Carl Hagelin is back on ice.
7:59 of 3rd period - Wrist shot by Marcus Kruger.
7:59 of 3rd period - Shot Misses the Net.
8:07 of 3rd period - Wrist shot by Clay Wilson.
8:07 of 3rd period - Shot Blocked by Patrice Cormier.
8:09 of 3rd period - Snap shot by Marcus Kruger.
8:09 of 3rd period - Shot Misses the Net.
8:11 of 3rd period - Wrist shot by Matt Halischuk.
8:11 of 3rd period - Stopped by Jason Missiaen with a rebound.
8:27 of 3rd period - Slapshot by Mathieu Roy.
8:27 of 3rd period - Shot Misses the Net.
8:29 of 3rd period - Snap shot by Carl Hagelin.
8:29 of 3rd period - Stopped by Jason Missiaen without a rebound.
8:30 of 3rd period - Landon Ferraro wins face-off versus Zenon Konopka in Patriotes zone.
8:39 of 3rd period - Hugh Jessiman is hit by Zenon Konopka and loses puck.
9:10 of 3rd period - Snap shot by Cory Emmerton.
9:10 of 3rd period - Stopped by Erik Ersberg without a rebound.
9:11 of 3rd period - Cory Emmerton wins face-off versus Cody Bass in Little Stars zone.
9:14 of 3rd period - Snap shot by Andrew Gordon.
9:14 of 3rd period - Shot Misses the Net.
9:27 of 3rd period - Slapshot by Brett Skinner.
9:27 of 3rd period - Deflect By Andrew Gordon.
9:27 of 3rd period - Shot Blocked by Jared Spurgeon.
9:27 of 3rd period - Puck is out of play.
9:28 of 3rd period - Christian Hanson wins face-off versus Corey Trivino in Little Stars zone.
9:39 of 3rd period - Wrist shot by Ryan Vesce.
9:39 of 3rd period - Stopped by Jason Missiaen with a rebound.
9:41 of 3rd period - Slapshot by Mathieu Roy.
9:41 of 3rd period - Shot Misses the Net.
9:43 of 3rd period - Snap shot by Mathieu Roy.
9:43 of 3rd period - Deflect By Ryan Vesce.
9:43 of 3rd period - Stopped by Jason Missiaen with a rebound.
9:53 of 3rd period - Cody Bass is hit by Andrew Gordon.
9:56 of 3rd period - Off-side.
9:57 of 3rd period - Cory Emmerton wins face-off versus Carl Hagelin in neutral zone.
10:06 of 3rd period - Wrist shot by Andrew Gordon.
10:06 of 3rd period - Shot Blocked by Ryan Ellis.
10:08 of 3rd period - Slapshot by Ryan Wilson.
10:08 of 3rd period - Deflect By Cory Emmerton.
10:08 of 3rd period - Shot Misses the Net.
10:08 of 3rd period - Puck is out of play.
10:09 of 3rd period - Ryan Vesce wins face-off versus Cory Emmerton in Little Stars zone.
10:09 of 3rd period - Ryan Vesce is hit by Cory Emmerton.
10:12 of 3rd period - Minor Penalty to Mathieu Roy for Tripping.
10:13 of 3rd period - Ryan Vesce wins face-off versus Zenon Konopka in Little Stars zone.
10:27 of 3rd period - Snap shot by Andrew Gordon.
10:27 of 3rd period - Stopped by Erik Ersberg with a rebound.
11:29 of 3rd period - Ryan Ellis is hit by Andrew Gordon.
11:41 of 3rd period - Marcus Kruger is hit by Ryan Wilson and loses puck.
12:12 of 3rd period - Penalty to Mathieu Roy is over, Mathieu Roy is back on ice.
12:25 of 3rd period - Wrist shot by Carl Hagelin.
12:25 of 3rd period - Stopped by Jason Missiaen with a rebound.
12:31 of 3rd period - Snap shot by Cody Bass.
12:31 of 3rd period - Shot Blocked by Jordan Samuels-Thomas.
12:51 of 3rd period - Ryan Vesce is hit by Lauri Tukonen.
12:55 of 3rd period - Corey Trivino is hit by Lauri Tukonen and loses puck.
14:15 of 3rd period - Liam Reddox is hit by Jimmy Hayes and loses puck.
14:36 of 3rd period - Ryan Vesce is hit by Christian Hanson and loses puck.
14:49 of 3rd period - Hugh Jessiman is hit by Zack Stortini and loses puck.
17:08 of 3rd period - Carl Hagelin is hit by Patrice Cormier and loses puck.
17:43 of 3rd period - Minor Penalty to A.J Thelen for Holding.
17:44 of 3rd period - Marcus Kruger wins face-off versus Andrew Gordon in Patriotes zone.
18:15 of 3rd period - Snap shot by Andreas Nodl.
18:15 of 3rd period - Stopped by Erik Ersberg with a rebound.
18:23 of 3rd period - Minor Penalty to Cody Bass for Holding.
18:24 of 3rd period - Ryan Vesce wins face-off versus Andrew Gordon in Little Stars zone.
18:24 of 3rd period - Ryan Vesce is hit by Andreas Nodl.
19:43 of 3rd period - Penalty to A.J Thelen is over, A.J Thelen is back on ice.
Goals for this period are 1 for Little Stars vs 0 for Patriotes.
Shots for this period are 10 for Little Stars vs 9 for Patriotes.


Output by the SimonT Hockey Simulator (STHS) for François Prévost -- Original Page W3C XHTML 1.0 Valid
Hockey Simulator - Hockey Simulation - Hockey Manager